 Dungeon Crawl Stone Soup version 0.30.0-29-ga12c61a403 (webtiles) character file.

Game seed: 4383991479782550257

746 Graphine the Chopper (level 7, -3/64 HPs)
             Began as a Hill Orc Monk on June 24, 2023.
             Was a Follower of Beogh.
             Slain by Prince Ribbit (7 damage)
             ... on level 5 of the Dungeon.
             The game lasted 00:06:53 (3177 turns).

Graphine the Chopper (Hill Orc Monk)                Turns: 3177, Time: 00:06:54

Health: -3/64      AC:  6    Str: 16    XL:     7   Next: 77%
Magic:  10/11      EV: 16    Int: 10    God:    Beogh [*.....]
Gold:   225        SH:  0    Dex: 13    Spells: 6/6 levels left

rFire   + . .        a - +0 hand axe
rCold   . . .        d - orb {light}
rNeg    . . .        k - +1 ring mail
rPois   .            (no helmet)
rElec   .            (no cloak)
rCorr   .            (no gloves)
SInv    .            (no boots)
Will    .....        (no amulet)
Stlth   +            j - ring of protection from fire
HPRegen 0.30/turn    s - +5 ring of evasion
MPRegen 0.12/turn

%: no passive effects
@: mighty, lethally poisoned (-3 -> -5), glowing
A: no striking features
a: Renounce Religion


You were on level 5 of the Dungeon.
You worshipped Beogh.
Beogh was aware of your devotion.
You visited 1 branch of the dungeon, and saw 5 of its levels.

You collected 225 gold pieces.

Inventory:

Hand Weapons
 a - a +0 hand axe (weapon)
Armour
 d - an orb of light (worn)
 i - a scarf of harm
 k - a +1 ring mail (worn)
Magical Staves
 f - a staff of poison
Jewellery
 j - a ring of protection from fire (left hand)
 s - a +5 ring of evasion (right hand)
Wands
 r - a wand of digging (5)
Scrolls
 b - a scroll of identify
 l - a scroll of teleportation
 p - a scroll of enchant armour
Potions
 e - a potion of might
 g - a potion of cancellation
 h - a potion of berserk rage {unknown}
 m - a potion of mutation {unknown}
 n - 3 potions of curing {unknown}
 o - a potion of brilliance {unknown}


   Skills:
 * Level 6.4 Fighting
 * Level 7.2 Axes
 + Level 3.0 Armour
 - Level 2.4 Dodging
 * Level 5.5 Invocations


You had 6 spell levels left.
You didn't know any spells.
Your spell library contained the following spells:

 Spells                   Type           Power      Damage    Failure   Level
 Lesser Beckoning         Tloc           0%         N/A       71%         2
 Poisonous Vapours        Pois/Air       0%         N/A       71%         2
 Gell's Gravitas          Tloc           0%         N/A       91%         3
 Mephitic Cloud           Conj/Pois/Air  0%         N/A       91%         3
 Ozocubu's Armour         Ice            0%         N/A       91%         3
 Teleport Other           Tloc           0%         N/A       91%         3
 Freezing Cloud           Conj/Ice/Air   0%         6-21      100%        5
 Ozocubu's Refrigeration  Ice            0%         4d7       100%        7


Dungeon Overview and Level Annotations

Branches:
Dungeon (5/15)
 Temple: D:4-7

Altars:
Qazlal
Yredelemnul
The Shining One

Annotations:
D:5 Eustachio, Prince Ribbit


Message History

You hit the shadow imp but do no damage.
You feel sick. Prince Ribbit hits you!
* * * LOW HITPOINT WARNING * * *
The shadow imp hits you but does no damage.
Prince Ribbit hits you.
* * * LOW HITPOINT WARNING * * *
You feel very mighty all of a sudden.
You feel sick. The dart slug closely misses you.
Prince Ribbit completely misses you. The shadow imp barely misses you.
Cleave: a) +0 hand axe
Press: ? - help, Dir - move target, f/p - Prince Ribbit
Aim: Prince Ribbit (lightly wounded, haloed, about 38% to evade your +0 hand axe)
You slash Prince Ribbit!
Prince Ribbit is moderately wounded.
You hit the dart slug.
You kill the dart slug!
Beogh accepts your kill.
You hit the shadow imp.
You feel sick.
Prince Ribbit blinks!
Eustachio casts a spell.
The shadow imp barely misses you.
Cleave: a) +0 hand axe
Press: ? - help, Dir - move target, f - shadow imp
Aim: a shadow imp (moderately wounded, summoned, haloed, about 22% to evade your +0 hand axe)
You slash the shadow imp!
You kill the shadow imp!
The shadow imp disappears in a puff of smoke!
You feel sick.
Eustachio casts a spell.
Eustachio blinks!
Cleave: a) +0 hand axe
Press: ? - help, Dir - move target, f - Eustachio
Aim: Eustachio, wielding a +0 rapier and wearing a +0 leather armour (lightly wounded, haloed, about 28% to evade your +0 hand axe)
You closely miss Eustachio.
Eustachio is lightly wounded.
You slash Prince Ribbit!
You feel sick.
Eustachio growls, "To hell with you, honourless miscreant!"
Eustachio hits you with a +0 rapier.
* * * LOW HITPOINT WARNING * * *
Prince Ribbit hits you!
You die...

###.....#####...#
...##..#...#...# .#
.#..
..#.....#.###.#
#.....##...###...##
#....5#.###.#.....#
#§..#...#...#...#
#...#...##### ..#
#F.@#...# #
#@###.#.....#
##†..###.[.##
#.....# ###.#
#..#?..#)..# .#
#...#####§..# #..
w..# #.| #.## #. #.
#. ..


You could see Eustachio, Prince Ribbit and a white imp (summoned).

Vanquished Creatures
  Pikel (D:5)
  A scorpion (D:5)
  A howler monkey (D:4)
  A hound (D:4)
  A gnoll bouda (D:4)
  An iguana (D:3)
  An orc wizard (D:4)
  Robin (D:2)
  2 gnolls (D:4)
  3 adders
  3 dart slugs
  5 orcs
  9 ball pythons
  5 endoplasms
  3 giant cockroaches
  13 goblins
  9 hobgoblins
  8 jackals
  4 quokkas
  7 bats
  3 frilled lizards
  7 kobolds
  7 rats
96 creatures vanquished.

Vanquished Creatures (others)
  An orc priest (D:4)
  3 gnolls (D:4)
  3 orcs (D:4)
  A jackal (D:4)
  A ball python (D:4)
9 creatures vanquished.

Grand Total: 105 creatures vanquished

Notes
Turn   | Place    | Note
-------+----------+-------------------------------------------
     0 | D:1      | Graphine the Hill Orc Monk began the quest for the Orb.
     0 | D:1      | Reached XP level 1. HP: 19/19 MP: 1/1
   138 | D:1      | Reached skill level 1 in Invocations
   138 | D:1      | Reached XP level 2. HP: 27/27 MP: 2/2
   864 | D:2      | Reached XP level 3. HP: 33/33 MP: 4/4
  1131 | D:2      | Reached skill level 1 in Armour
  1234 | D:2      | Reached XP level 4. HP: 40/41 MP: 5/5
  1468 | D:2      | Noticed Robin
  1490 | D:2      | Reached skill level 5 in Axes
  1494 | D:2      | Killed Robin
  1829 | D:3      | Reached XP level 5. HP: 45/47 MP: 7/7
  2440 | D:4      | Reached skill level 5 in Fighting
  2444 | D:4      | Became a worshipper of Beogh the Brigand
  2444 | D:4      | Reached * piety under Beogh
  2444 | D:4      | Reached ** piety under Beogh
  2773 | D:4      | Reached XP level 6. HP: 51/56 MP: 8/8
  2968 | D:4      | Found a stormy altar of Qazlal.
  2979 | D:4      | Found a basalt altar of Yredelemnul.
  3022 | D:4      | Found a glowing golden altar of the Shining One.
  3105 | D:5      | Entered Level 5 of the Dungeon
  3127 | D:5      | Noticed Pikel
  3142 | D:5      | Killed Pikel
  3143 | D:5      | Reached skill level 7 in Axes
  3143 | D:5      | Reached skill level 5 in Invocations
  3143 | D:5      | Reached XP level 7. HP: 15/63 MP: 1/11
  3143 | D:5      | Noticed Prince Ribbit
  3145 | D:5      | Noticed Eustachio
  3177 | D:5      | Slain by Prince Ribbit

Illustrated notes

Levels and vault maps discovered:
D:1:      tekkud_arrival_beachfront_property, layout_basic
D:2:      layout_rooms, minivault_25, minmay_tromino_mix6, uniq_robin
D:3:      layout_loops_ring, serial_bayou, serial_bayou_ford_a,
          serial_bayou_pond_a, serial_bayou_pond_d, serial_bayou_pond_b,
          serial_bayou_lagoon_a
D:4:      layout_gridville, kennysheep_little_box, mainiacjoe_overflow_swirl
D:5:      nicolae_cairo_tiling, layout_rooms,
          nzn_overflow_gifts_of_might_and_magic,
          mainiacjoe_overflow_concentric_impassable, okawaru_metal_pillars_3,
          minmay_temple_entry_junction, uniq_pikel, uniq_eustachio,
          uniq_menkaure, uniq_prince_ribbit1

Skill      XL: |  1  2  3  4  5  6  7 |
---------------+----------------------+-----
Invocations    | 1 2 3 5 |  5.5
Fighting       | 4 5 6 |  6.4
Armour         | 1 2 3 |  3.0
Axes           | 5 7 |  7.2
Dodging        | |  2.4

Action                     |  1- 3 |  4- 6 |  7- 9 || total
---------------------------+-------+-------+-------++-------
  Melee: Hand axe          |   118 |   155 |    27 ||   300
 Invoke: Smiting           |       |     4 |     1 ||     5
         Convert to Beogh  |       |     1 |       ||     1
    Use: Scroll            |     2 |     9 |       ||    11
         Potion            |       |     2 |     2 ||     4
 Armour: Robe              |    23 |       |       ||    23
         Ring mail         |    14 |    48 |     6 ||    68
  Dodge: Dodged            |    80 |    74 |    33 ||   187
